 Dungeon Crawl Stone Soup version 0.29.1-1-gd02db6906a (webtiles) character file.

Game seed: 9584830215067355270

68 Sabo the Gusty (level 4, 0/34 HPs)
             Began as a Draconian Air Elementalist on Sept 18, 2022.
             Slain by a gnoll
             ... wielding a +0 halberd
              (10 damage)
             ... on level 2 of the Dungeon.
             The game lasted 00:09:30 (2280 turns).

Sabo the Gusty (Draconian Air Elementalist)         Turns: 2280, Time: 00:09:31

Health: 0/34       AC:  5    Str: 11    XL:     4   Next: 1%
Magic:  5/7        EV: 12    Int: 17    God:
Gold:   82         SH:  0    Dex: 11    Spells: 6/7 levels left

rFire   . . .      SeeInvis .   c - +0 hand axe
rCold   . . .      Faith    .   (no shield)
rNeg    . . .      Spirit   .   (body armour unavailable)
rPois   .          Reflect  .   (helmet restricted)
rElec   .          Harm     .   (no cloak)
rCorr   .          Rampage  .   (no gloves)
Will    .....                   (no boots)
Stlth   ++........              (no amulet)
HPRegen 0.11/turn               (no ring)
MPRegen 0.10/turn               (no ring)

@: very slightly contaminated
A: AC +5, unfitting armour, cold-blooded
a: no special abilities


You were on level 2 of the Dungeon.
You visited 1 branch of the dungeon, and saw 3 of its levels.

You collected 82 gold pieces.

Inventory:

Hand Weapons
 c - a +0 hand axe (weapon)
 e - a +0 sling
Scrolls
 b - a scroll of summoning {unknown}
 d - a scroll of enchant armour {unknown}
 f - a scroll of identify {unknown}
 g - a scroll of fear
 j - a scroll of magic mapping {unknown}
 k - a scroll of poison {unknown}
 l - a scroll of vulnerability {unknown}
Potions
 a - a potion of magic
 h - a potion of lignification {unknown}
 i - a potion of brilliance {unknown}


   Skills:
 + Level 0.6 Fighting
 + Level 2.1 Axes
 + Level 1.9 Dodging
 + Level 2.2 Stealth
 + Level 2.3 Spellcasting
 + Level 1.2 Conjurations
 + Level 3.3 Air Magic


You had 6 spell levels left.
You knew the following spells:

 Your Spells              Type           Power      Damage    Failure   Level
a - Shock                 Conj/Air       36%        1d5       8%          1

Your spell library contained the following spells:

 Spells                   Type           Power      Damage    Failure   Level
 Static Discharge         Conj/Air       9%         3-5/arc   11%         2
 Swiftness                Air            13%        N/A       14%         3
 Airstrike                Air            6%         2d(1-17)  43%         4


Dungeon Overview and Level Annotations

Branches:
Dungeon (3/15)

Altars:


Innate Abilities, Weirdness & Mutations

Your plain brown scales are hard. (AC +5)
You cannot fit into any form of body armour.
You are cold-blooded and may be slowed by cold attacks.


Message History

There is a stone staircase leading up here.
You see here a bat corpse.
There is a stone staircase leading up here.
You see here a +0 helmet.
Found a robe. 3 gnolls come into view.
The gnoll shouts! x2
The gnoll moves out of view. x2
You see here a +0 robe.
The gnoll barely misses you.
You see here a +0 robe.
The gnoll hits you from afar with a +0 halberd!
Casting: Shock (safe; 8% risk of failure)
Confirm with . or Enter, or press ? or * to list all spells.
Aiming: Shock (safe; 8% risk of failure)
Press: ? - help, Shift-Dir - straight line You miscast Shock.
You are very lightly contaminated with residual magic.
Nothing appears to happen.
Casting: Shock (safe; 8% risk of failure)
Confirm with . or Enter, or press ? or * to list all spells.
Aiming: Shock (safe; 8% risk of failure)
Press: ? - help, Shift-Dir - straight line The zap misses the gnoll.
You closely miss the gnoll. You tail-slap the gnoll.
The gnoll is lightly wounded.
The gnoll hits you but does no damage.
You closely miss the gnoll.
The gnoll is lightly wounded.
The gnoll misses you. The gnoll closely misses you.
You hit the gnoll but do no damage.
The gnoll is lightly wounded.
The gnoll hits you but does no damage. The gnoll closely misses you.
The gnoll hits you from afar with a +0 halberd.
The gnoll hits you with a +0 club.
* * * LOW HITPOINT WARNING * * *
You hit the gnoll. You tail-slap the gnoll.
The gnoll is severely wounded.
The gnoll hits you from afar with a +0 halberd!
You die...

##.§§§.$....○☼.#..#
#####...######..######.
#.§.# #...[..... #○○.#
##<####### #○§§# ###[##
#... ####....###.##
#.###.###........#
#...........###..#
###@#.###...# .
#g#.##.....#
####g#.......##
#.[......##.##
#g##g###.##.# ......#
#.##.# #.##.#### #.##'#
# #.# #.#


You could see 3 gnolls.

Vanquished Creatures
  Natasha (D:2)
  2 adders (D:2)
  An endoplasm (D:2)
  3 goblins
  3 hobgoblins (D:1)
  A ball python (D:2)
  4 bats
  A frilled lizard (D:2)
  A kobold (D:1)
  13 rats
30 creatures vanquished.

Notes
Turn   | Place    | Note
-------+----------+-------------------------------------------
     0 | D:1      | Sabo the Draconian Air Elementalist began the quest for the
                  | Orb.
     0 | D:1      | Reached XP level 1. HP: 14/14 MP: 3/3
   763 | D:1      | Reached XP level 2. HP: 20/20 MP: 5/5
  1388 | D:2      | You fall into a shaft and drop 1 floor!
  1420 | D:2      | Reached skill level 1 in Axes
  1799 | D:2      | Noticed Natasha
  1812 | D:2      | Reached XP level 3. HP: 26/26 MP: 2/6
  2085 | D:2      | Killed Natasha
  2203 | D:2      | Reached XP level 4. HP: 34/34 MP: 5/7
  2280 | D:2      | Slain by a gnoll

Illustrated notes

Levels and vault maps discovered:
D:1:      saegor_arrival_simple_b, layout_loops_ring, minmay_rat_gold_closets
D:2:      kennysheep_big_flooded_room, layout_loops_corners,
          lemuel_flame_loot_1, uniq_natasha
D:3:      layout_loops_cross, serial_bayou, serial_bayou_shore_b,
          serial_bayou_shore_a, serial_bayou_lagoon_b, serial_bayou_lagoon_a,
          serial_bayou_pond_b, serial_bayou_pond_b, dk_vineyard_1

Skill      XL: |  1  2  3 |
---------------+----------+-----
Axes           | 1 2 |  2.1
Stealth        | 2 |  2.2
Fighting       | |  0.6
Dodging        | |  1.9
Spellcasting   | |  2.3
Conjurations   | |  1.2
Air Magic      | |  3.3

Action                   |  1- 3 |  4- 6 || total
-------------------------+-------+-------++-------
Melee: Hand axe          |    57 |     4 ||    61
       Unarmed           |     3 |       ||     3
       Tailslap          |     5 |     2 ||     7
       Punch             |     1 |       ||     1
 Cast: Shock             |    26 |     1 ||    27
  Use: Scroll            |     1 |       ||     1
 Stab: Sleeping          |     4 |       ||     4
Armor: Skin              |    13 |     2 ||    15
Dodge: Dodged            |    40 |     4 ||    44
